 Dungeon Crawl Stone Soup version 0.26-a0-642-g67e99244d3 (webtiles) character file.

Game seed: 4272640804644190671

31858 GeoCrane the Impaler (level 13, -5/175 HPs)
             Began as a Minotaur Fighter on Sept 4, 2020.
             Was the Champion of Okawaru.
             Killed by divine providence
             ... invoked by an orc high priest
              (11 damage)
             ... on level 2 of the Orcish Mines on Sept 21, 2020.
             The game lasted 01:13:03 (20459 turns).

GeoCrane the Impaler (Minotaur Fighter)            Turns: 20459, Time: 01:13:03

Health: -5/175     AC: 26    Str: 25    XL:     13   Next: 28%
Magic:  12/12      EV:  2    Int:  5    God:    Okawaru [******]
Gold:   1528       SH: 16    Dex: 16    Spells: 12/12 levels left

rFire    x . .     SeeInvis .   a - +0 trident
rCold    . . .     Faith    +   M - +3 kite shield "Ziuxkaopn" {rF- Dex+5}
rNeg     + + +     Spirit   .   (armour currently unavailable)
rPois    +         Reflect  .   (helmet currently unavailable)
rElec    .         Harm     .   (cloak currently unavailable)
rCorr    .         Rampage  .   (gloves currently unavailable)
MR       .....     NoTele   +   (boots currently unavailable)
Stlth    +.........             I - amulet of faith
HPRegen  0.39/turn              p - +4 ring of evasion
MPRegen  0.13/turn              (no ring)

@: tree-form
A: (retaliatory headbutt)
a: Heroism, Finesse, Renounce Religion


You were on level 2 of the Orcish Mines.
You worshipped Okawaru.
Okawaru was exalted by your worship.
You were a tree.
You visited 3 branches of the dungeon, and saw 15 of its levels.

You collected 1528 gold pieces.

Inventory:

Hand Weapons
 a - a +0 trident (weapon)
 J - a +3 halberd of freezing
Missiles
 A - 19 poisoned darts (quivered)
 E - 16 curare-tipped darts
Armour
 c - the -2 hat of the Alchemist (melded) {rElec rPois rF+ rC+ rN+ MR+ rMut rCorr}
   (Okawaru gifted it to you on level 1 of the Orcish Mines)

   It protects you from fire.
   It protects you from cold.
   It insulates you from electricity.
   It protects you from poison.
   It protects you from negative energy.
   It affects your resistance to hostile enchantments.
   It provides partial protection from all sources of acid and corrosion.
   It protects you from mutation.
 g - a +0 pair of gloves (melded)
 D - a +0 cloak (melded)
 K - a +0 pair of boots (melded)
 L - a +2 plate armour of poison resistance (melded)
 M - the +3 kite shield "Ziuxkaopn" (worn) {rF- Dex+5}
   (You found it on level 12 of the Dungeon)

   It affects your dexterity (+5).
   It makes you vulnerable to fire.
Jewellery
 p - a +4 ring of evasion (left branch)
 q - an uncursed amulet of guardian spirit
 I - an amulet of faith (around neck)
Wands
 b - a wand of paralysis (7)
 e - a wand of flame (5)
 w - a wand of random effects (55)
 x - a wand of iceblast (8)
 y - a wand of acid (4)
 z - a wand of disintegration (33)
Scrolls
 h - 5 scrolls of identify
 i - a scroll of enchant armour
 k - 8 scrolls of remove curse
 o - a scroll of immolation
 F - 2 scrolls of random uselessness {unknown}
 G - 2 scrolls of fear
 N - 3 scrolls of teleportation
Potions
 d - 2 potions of might
 f - 4 potions of curing
 j - 2 potions of lignification
 l - 3 potions of haste
 m - 2 potions of flight
 n - 2 potions of brilliance {unknown}
 r - a potion of resistance {unknown}
 s - 2 potions of cancellation
 t - 4 potions of mutation
 u - a potion of degeneration {unknown}
 v - 3 potions of stabbing
 B - 2 potions of heal wounds {unknown}
 H - 2 potions of ambrosia {unknown}


   Skills:
 + Level 11.9 Fighting
 * Level 15.6 Polearms
 + Level 12.0 Armour
 + Level 11.9 Shields
 + Level 7.2 Evocations


You had 12 spell levels left.
You didn't know any spells.
Your spell library contained the following spells:

 Spells                   Type           Power        Failure   Level
 Animate Skeleton         Necr           #.....       61%         1
 Corona                   Hex            #......      61%         1
 Freeze                   Ice            #...         61%         1
 Pain                     Necr           #...         61%         1
 Shock                    Conj/Air       #...         61%         1
 Sting                    Tmut/Pois      #...         61%         1
 Poisonous Vapours        Pois/Air       #.....       75%         2
 Swiftness                Air            #.......     75%         2
 Confusing Touch          Hex            #.......     93%         3
 Ignite Poison            Fire/Tmut/Pois #.......     93%         3
 Mephitic Cloud           Conj/Pois/Air  #.......     93%         3
 Static Discharge         Conj/Air       #.......     93%         3
 Vampiric Draining        Necr           #.........   93%         3
 Airstrike                Air            #.........   100%        4
 Animate Dead             Necr           #.........   100%        4
 Fulminant Prism          Conj/Hex       #.........   100%        4
 Hailstorm                Conj/Ice       #.......     100%        4
 Olgreb's Toxic Radiance  Pois           #.......     100%        4
 Agony                    Necr           #.......     100%        5
 Lightning Bolt           Conj/Air       #.........   100%        5
 Invisibility             Hex            #.......     100%        6


Dungeon Overview and Level Annotations

Branches:
Dungeon (12/15)            Temple (1/1) D:5            Lair (0/6) D:8
    Orc (2/2) D:11            Elf (0/3) Orc:2

Altars:
Ashenzari
Cheibriados
Dithmenos
Elyvilon
Fedhas
Gozag
Hepliaklqana
Kikubaaqudgha
Makhleb
Nemelex Xobeh
Okawaru
Qazlal
Ru
Sif Muna
Trog
Uskayaw
Vehumet
Wu Jian
Xom
Yredelemnul
Zin
Beogh

Shops:
D:9 *   D:10 }   Orc:2 ![*

Annotations:
D:4 2 transporters, Eustachio; Murumi's ghost, amateur OgFi


Innate Abilities, Weirdness & Mutations

((You reflexively headbutt those who attack you in melee.))
((You have a pair of horns on your head.))


Message History

The orc high priest is healed somewhat.
The orc warrior hits you with a +0 scimitar.
* * * LOW HITPOINT WARNING * * *
The orange demon stings you from afar.
* * * LOW HITPOINT WARNING * * *
The orc high priest hits you but does no damage.
The red devil hits you but does no damage.
You barely miss the orc high priest.
The orc high priest is severely wounded.
The orc priest completely misses you.
The orc priest hits you but does no damage.
The red devil hits you but does no damage.
You hit the orc high priest but do no damage.
The orc high priest is severely wounded.
You block the orc warrior's attack. The orange demon stings you from afar.
* * * LOW HITPOINT WARNING * * *
You block the orc priest's attack.
The orc high priest calls down the wrath of Beogh upon you.
Beogh smites you!
You die...

#.## .## ...# #..(.. ##
#... ##...(( ##...###...(.
#....##.....
###...##....(#
#####.##....#...44#
......##...##..o))#
)..#####...#...o♣#
...#..##..##..4oo# ####
...'..#...#......##...##
####..#.........##.....##
...####........##...8...##
##.####.8...8..)8.......8#
.#..)))))...)......._....#
.')####.8...8...8.......8#
)#.####.)..)...##...8...##


You could see an orc high priest, an orange demon (summoned), 2 red devils, an
orc warrior and 2 orc priests.

Vanquished Creatures
  An orc warlord (Orc:2)
  An ettin (Orc:1)
  Josephine (D:12)
  3 two-headed ogres
  2 orc high priests (Orc:2)
  Sonja (Orc:1)
  An unseen horror (D:11)
  Pikel (D:5)
  3 orc knights (Orc:2)
  2 ugly things
  5 orc sorcerers
  A cyclops (D:12)
  2 manticores (D:12)
  Maurice (Orc:1)
  A centaur zombie (D:10)
  Psyche (D:12)
  A gargoyle (D:11)
  3 trolls
  Grinder (D:4)
  2 hornets
  A shadow (D:11)
  3 hippogriffs
  5 wraiths (D:12)
  2 wyverns
  5 yaks
  4 wargs
  A two-headed ogre zombie (D:11)
  2 soldier ants (D:12)
  4 porcupines
  3 black bears
  5 ice beasts
  41 orc warriors
  7 sky beasts
  16 ogres
  6 phantoms
  3 centaurs
  2 lemures (D:5)
  A crocodile (D:10)
  3 big kobolds
  11 bullfrogs
  4 gnoll sergeants (D:10)
  6 scorpions
  2 troll zombies (D:11)
  15 killer bees
  2 howler monkeys
  14 wights
  A jelly (D:5)
  3 bullfrog zombies
  8 hounds
  27 orc priests
  2 bullfrog skeletons
  25 orc wizards
  2 centaur skeletons
  7 worker ants
  2 iguanas
  A killer bee zombie (D:10)
  5 ogre zombies (D:11)
  A hound zombie (D:7)
  7 adders
  14 gnolls
  2 shadow imps (D:5)
  3 white imps
  3 ufetubi
  An adder zombie (D:7)
  3 worms
  A dart slug (D:2)
  7 leopard geckos
  118 orcs
  3 bats
  3 giant cockroaches
  4 goblins
  6 hobgoblins
  13 jackals
  4 quokkas
  5 ball pythons
  6 frilled lizards
  2 goblin skeletons (D:11)
  2 goblin zombies (D:11)
  A hobgoblin skeleton (D:11)
  8 hobgoblin zombies (D:11)
  A jackal zombie (D:8)
  21 kobolds
  A leopard gecko skeleton (D:9)
  2 orc skeletons (D:11)
  10 orc zombies (D:11)
  A quokka skeleton (D:5)
  2 rats
540 creatures vanquished.

Vanquished Creatures (others)
  27 fungi (D:8)
  43 plants (D:8)
70 creatures vanquished.

Grand Total: 610 creatures vanquished

Notes
Turn   | Place    | Note
-------+----------+-------------------------------------------
     0 | D:1      | GeoCrane the Minotaur Fighter began the quest for the Orb.
     0 | D:1      | Reached XP level 1. HP: 19/19 MP: 0/0
  1051 | D:2      | Reached XP level 2. HP: 27/27 MP: 1/1
  1166 | D:2      | Reached skill level 3 in Polearms
  1242 | D:2      | Found a sacrificial altar of Ru.
  1308 | D:2      | Reached XP level 3. HP: 33/33 MP: 2/2
  1333 | D:2      | Found a stormy altar of Qazlal.
  1869 | D:3      | Reached XP level 4. HP: 40/40 MP: 3/3
  1883 | D:3      | Reached skill level 4 in Polearms
  1961 | D:3      | Found a basalt altar of Yredelemnul.
  2415 | D:4      | Found a transporter.
  2462 | D:4      | Noticed a centaur
  2482 | D:4      | Killed a centaur
  2482 | D:4      | Reached XP level 5. HP: 29/47 MP: 2/4
  2641 | D:4      | Reached skill level 5 in Polearms
  2790 | D:4      | Noticed a small abomination
  2815 | D:4      | Noticed a small abomination
  2821 | D:4      | Found a transporter.
  3066 | D:4      | Reached XP level 6. HP: 45/55 MP: 3/5
  3312 | D:4      | Reached skill level 5 in Fighting
  3312 | D:4      | Reached skill level 5 in Armour
  3312 | D:4      | Reached skill level 5 in Shields
  3417 | D:4      | Noticed Grinder
  3426 | D:4      | Paralysed by Grinder for 3 turns
  3431 | D:4      | Killed Grinder
  3431 | D:4      | Reached skill level 6 in Polearms
  3431 | D:4      | Reached XP level 7. HP: 43/61 MP: 4/6
  3891 | D:4      | Noticed Murumi's ghost (amateur OgFi)
  3941 | D:5      | Entered Level 5 of the Dungeon
  3996 | D:5      | Noticed Eustachio
  4017 | D:5      | Upgraded the game from 0.26-a0-610-g3e9335bbc7 to
                  | 0.26-a0-631-ged93497179
  4146 | D:5      | Noticed Pikel
  4172 | D:5      | Killed Pikel
  4172 | D:5      | Reached skill level 7 in Polearms
  4172 | D:5      | Reached XP level 8. HP: 55/70 MP: 7/7
  4381 | D:5      | Found a staircase to the Ecumenical Temple.
  4411 | Temple   | Entered the Ecumenical Temple
  4542 | D:5      | Reached skill level 8 in Polearms
  4842 | D:5      | Found an iron altar of Okawaru.
  4851 | D:5      | Became a worshipper of Warmaster Okawaru
  5115 | D:6      | Found a burning altar of Makhleb.
  5162 | D:6      | Reached skill level 9 in Polearms
  5718 | D:7      | Reached XP level 9. HP: 72/79 MP: 8/8
  5752 | D:7      | Reached * piety under Okawaru
  5885 | D:7      | Found a hazy altar of Hepliaklqana.
  6113 | D:7      | Found an opulent altar of Gozag.
  6574 | D:8      | Reached skill level 10 in Polearms
  6579 | D:8      | Reached skill level 1 in Evocations
  6589 | D:8      | Reached ** piety under Okawaru
  7108 | D:8      | Found a glowing silver altar of Zin.
  7264 | D:8      | Reached XP level 10. HP: 90/90 MP: 9/9
  8010 | D:8      | Found a staircase to the Lair.
  8026 | D:8      | Reached skill level 11 in Polearms
  8266 | D:8      | Reached *** piety under Okawaru
  9212 | D:9      | Found a snail-covered altar of Cheibriados.
  9228 | D:9      | Reached **** piety under Okawaru
  9277 | D:9      | Found a shattered altar of Ashenzari.
  9333 | D:9      | Noticed an angel
  9334 | D:9      | Found a white marble altar of Elyvilon.
  9336 | D:9      | Found Zeheu's Hallowed Reliquary.
  9742 | D:10     | Entered Level 10 of the Dungeon
  9766 | D:9      | Reached skill level 12 in Polearms
 10891 | D:10     | Upgraded the game from 0.26-a0-631-ged93497179 to
                  | 0.26-a0-639-g72c4674329
 11128 | D:10     | Reached ***** piety under Okawaru
 11135 | D:10     | Reached XP level 11. HP: 94/97 MP: 10/10
 11153 | D:10     | Found Zumuick's Gadget Boutique.
 11157 | D:10     | Noticed a two-headed ogre
 11167 | D:10     | Killed a two-headed ogre
 11713 | D:10     | Upgraded the game from 0.26-a0-639-g72c4674329 to
                  | 0.26-a0-642-g67e99244d3
 12131 | D:11     | Noticed a two-headed ogre
 12139 | D:11     | Killed a two-headed ogre
 12392 | D:11     | Reached skill level 10 in Armour
 12409 | D:11     | Reached skill level 10 in Fighting
 12442 | D:11     | Reached skill level 10 in Shields
 12450 | D:11     | Reached skill level 13 in Polearms
 12607 | D:11     | Found a staircase to the Orcish Mines.
 12762 | D:11     | Reached ****** piety under Okawaru
 12916 | D:11     | Noticed a purple ugly thing
 12931 | D:11     | Killed a purple ugly thing
 12931 | D:11     | Reached skill level 5 in Evocations
 13355 | D:11     | Killed an unseen horror
 13591 | D:11     | Received a gift from Okawaru
 14194 | D:12     | Noticed Psyche
 14201 | D:12     | Killed Psyche
 14474 | D:12     | Noticed a purple ugly thing
 14490 | D:12     | Killed a purple ugly thing
 14496 | D:12     | Reached XP level 12. HP: 103/108 MP: 11/11
 14542 | D:12     | Noticed Josephine
 14583 | D:12     | Killed Josephine
 14611 | D:12     | Reached skill level 14 in Polearms
 15397 | Orc:1    | Entered Level 1 of the Orcish Mines
 15480 | D:12     | Got a pitted kite shield
 15491 | D:12     | Identified the +3 kite shield "Ziuxkaopn" {rF- Dex+5} (You
                  | found it on level 12 of the Dungeon)
 15628 | Orc:1    | Received a gift from Okawaru
 15629 | Orc:1    | Found the -2 hat of the Alchemist {rElec rPois rF+ rC+ rN+
                  | MR+ rMut rCorr}
 15943 | Orc:1    | Noticed an ettin
 15954 | Orc:1    | Killed an ettin
 16379 | Orc:1    | Noticed Sonja
 16406 | Orc:1    | Killed Sonja
 16526 | Orc:1    | Noticed Maurice
 16883 | Orc:1    | Killed Maurice
 16933 | Orc:1    | Found a roughly hewn altar of Beogh.
 17026 | Orc:2    | Entered Level 2 of the Orcish Mines
 17097 | Orc:2    | Noticed a two-headed ogre
 17103 | Orc:2    | Killed a two-headed ogre
 17952 | Orc:2    | Identified the Reference Book on Enchanting Ice
 18041 | Orc:2    | Reached skill level 15 in Polearms
 18056 | Orc:2    | Found a staircase to the Elven Halls.
 18204 | Orc:2    | Noticed an orc warlord
 18866 | Orc:2    | Found a roughly hewn altar of Beogh.
 18990 | Orc:2    | Paralysed by an orc sorcerer for 5 turns
 19014 | Orc:2    | Received a gift from Okawaru
 19014 | Orc:2    | Reached XP level 13. HP: 82/116 MP: 12/12
 19326 | Orc:2    | Found Next's Distillery.
 19353 | Orc:2    | Found Yphasek's Antique Armour Shoppe.
 19698 | Orc:2    | Killed an orc warlord
 19922 | Orc:2    | Found a roughly hewn altar of Beogh.
 20369 | Orc:2    | Found Qyuloe's Assorted Antiques.
 20459 | Orc:2    | HP: 6/175 [orange demon[an orc high priest] (4)]
 20459 | Orc:2    | Killed from afar by an orc high priest

Illustrated notes

Levels and vault maps discovered:
D:1:      onia_arrival_pentagram, layout_basic, minmay_stone_trees_small,
          chequers_arboretum
D:2:      layout_basic, old_standard_altar, hangedman_ru_absence
D:3:      layout_basic, lemuel_round_altar, chequers_serial_rivers_micro_a
D:4:      layout_layer_cave, gammafunk_ghost_abyssal_escape, minivault_27,
          uniq_grinder
D:5:      layout_rooms, lemuel_coloured_pillars_altar,
          minmay_temple_entry_overgrown, uniq_pikel, uniq_eustachio
D:6:      layout_rooms, basic_altar, minmay_misc_feat_iff
D:7:      layout_layer_cave, nicolae_gozag_cash_rules_everything_around_me,
          overflow_temple_1_default
D:8:      layout_gridville, nicolae_overflow_hidden_temple,
          due_lair_maze_entry_diamond
D:9:      layout_roguey, marbit_many_paths, kennysheep_little_box,
          nicolae_good_shop
D:10:     layout_cave_pools, serial_shops, nicolae_shop_crystal,
          serial_gnoll_camp, gnoll_camp_mini_house, gnoll_camp_mini_basic,
          gnoll_camp_mini_hut, gnoll_camp_mini_hut, gnoll_camp_mini_doghouse
D:11:     layout_basic, zombieorc2_lemuel
D:12:     layout_long_grid, uniq_psyche, uniq_josephine
Temple:   nicolae_temple_hex_pool
Orc:1:    layout_caves, basic_altar, enter_bailey_8, uniq_maurice, uniq_sonja
Orc:2:    pubby_orc_utopia, serial_shops

Skill      XL: |  1  2  3  4  5  6  7  8  9 10 11 12 13 |
---------------+----------------------------------------+-----
Polearms       | 3 4 5 6 7 9 10 12 13 15 | 15.6
Armour         | 4 5 6 7 8 9 10 11 12 | 12.0
Fighting       | 4 5 6 7 8 9 10 11 | 11.9
Shields        | 4 5 6 7 8 9 10 11 | 11.9
Evocations     | 2 4 5 6 7 |  7.2

Action                   |  1- 3 |  4- 6 |  7- 9 | 10-12 | 13-15 || total
-------------------------+-------+-------+-------+-------+-------++-------
Melee: Trident           |    84 |    99 |   375 |  1520 |   252 ||  2330
       Headbutt          |    11 |    10 |    69 |   298 |    55 ||   443
Throw: Dart              |       |       |     2 |   374 |    57 ||   433
Evoke: Wand              |       |       |     1 |       |       ||     1
  Use: Scroll            |       |       |     9 |    14 |     1 ||    24
       Potion            |       |       |       |       |     2 ||     2
Armor: Scale mail        |    26 |    23 |    84 |   162 |       ||   295
       Plate armour      |       |       |       |   115 |    56 ||   171
       Skin              |       |       |       |       |     8 ||     8
Dodge: Dodged            |    19 |    42 |   142 |   318 |    43 ||   564
Block: Kite shield       |    31 |    40 |   211 |   666 |   133 ||  1081

Table legend: (Time is in decaauts)
 A = Elapsed time spent in this place.
 B = Non-inter-level travel time spent in this place.
 C = Inter-level travel time spent in this place.
 D = Time resting spent in this place.
 E = Time spent auto-exploring this place.
 F = Levels seen in this place.
 G = Mean time per level.
                   A        B        C        D        E       F      G
               +--------+--------+--------+--------+--------+-----+--------+
         Total |  19950 |  19379 |    571 |   2612 |  13137 |  15 | 1330.0 |
       Dungeon |  15366 |  14837 |    529 |   1693 |  10645 |  12 | 1280.5 |
        Temple |     97 |     78 |     19 |      0 |     75 |   1 |   97.0 |
  Orcish Mines |   4485 |   4463 |     22 |    919 |   2416 |   2 | 2242.5 |
               +--------+--------+--------+--------+--------+-----+--------+

Top non-repeatable levels by time:
   Orc:2: 3209 daAuts
     D:9: 2193 daAuts
    D:11: 1911 daAuts
     D:8: 1621 daAuts
     D:4: 1586 daAuts
    D:12: 1559 daAuts
   Orc:1: 1276 daAuts
    D:10: 1265 daAuts
     D:7: 1175 daAuts
     D:1: 1034 daAuts
     D:5: 810 daAuts
     D:6: 804 daAuts
     D:2: 721 daAuts
     D:3: 682 daAuts
  Temple: 97 daAuts
